 Dungeon Crawl Stone Soup version 0.22-a0-149-g870e420 (webtiles) character file.

14 Gorglomux the Grave Robber (level 2, 0/20 HPs)
             Began as a Minotaur Necromancer on Feb 7, 2018.
             Slain by a bat (1 damage)
             ... on level 1 of the Dungeon.
             The game lasted 00:00:43 (428 turns).

Gorglomux the Grave Robber (Minotaur Necromancer)    Turns: 428, Time: 00:00:43

Health: 0/20       AC:  2    Str: 12    XL:     2   Next: 27%
Magic:  1/3        EV: 12    Int: 12    God:
Gold:   22         SH:  0    Dex: 10    Spells: 2/3 levels left

rFire    . . .     SeeInvis .     - Unarmed
rCold    . . .     Gourm    .   (no shield)
rNeg     . . .     Faith    .   a - +0 robe
rPois    .         Spirit   .   (helmet restricted)
rElec    .         Reflect  .   (no cloak)
rCorr    .         Harm     .   (no gloves)
MR       .....                  (no boots)
Stlth    ++........             (no amulet)
HPRegen  0.06/turn              (no ring)
MPRegen  0.08/turn              (no ring)

@: no status effects
A: retaliatory headbutt, horns 2
a: no special abilities


You were on level 1 of the Dungeon.
You were not hungry.

You visited 1 branch of the dungeon, and saw 1 of its levels.

You collected 22 gold pieces.

Inventory:

Armour
 a - a +0 robe (worn)
Potions
 e - a potion of brilliance {unknown}
Books
 b - a book of Necromancy

   Spells                             Type                      Level
   a - Pain                           Necromancy                   1
   b - Animate Skeleton               Necromancy                   1
   c - Vampiric Draining              Necromancy                   3
   d - Regeneration                   Charms/Necromancy            3
   e - Animate Dead                   Necromancy                   4
Comestibles
 c - a ration
 f - 3 chunks of flesh


   Skills:
 - Level 2.1 Dodging
 - Level 1.5 Stealth
 + Level 2.2 Unarmed Combat
 - Level 1.3 Spellcasting
 - Level 2.9 Necromancy


You had 2 spell levels left.
You knew the following spells:

 Your Spells              Type           Power        Failure   Level  Hunger
a - Pain                  Necr           #...         9%          1    ##.....


Dungeon Overview and Level Annotations

Branches:
Dungeon (1/15)

Altars:


Innate Abilities, Weirdness & Mutations

You reflexively headbutt those who attack you in melee.
You have a pair of horns on your head.


Message History

Confirm with ! or Enter, or press ? or * to list butt spells!
Aiming: Pain (safe; 9% risk of failure)
Press: ? - help, Shift-Dir - straight line, f/p - bat
Aim: a bat (butt to defeat MR: 71%)
The bat butts in agony!!!
The bat hits you but does no damage! The bat barely misses you!
The bat hits you but does no damage! The bat hits you! * * * don't die
* * * The bat closely misses you!
The bat completely misses you! The bat misses you! The bat barely misses you!
You furiously retaliate!!!
Butt headbutt the bat, but do no damage!
The bat hits butt! * * * don't die
* * * The bat hits you but does no damage!
The bat barely misses you! The bat closely misses you!
The bat butts you! * * * don't die
* * * The bat hits you! rip

### #.# ###.# .. #.# #...# #
#.#..# #.### #.##..#.## #)#
....%...# #.##
.#.##....#####..#
................#
#############.######.#
#....)....@)#.#......#
#.####.####b#.#.####.##
#.#.g..#.#....#..#
#(#.####.####.#..#
#.#..g........#.(#####
##########.#############.......
.........................######
####.#.######.#......##.# #.#
...........#


You could see a bat.

Vanquished Creatures
  A dart slug (D:1)
  A ball python (D:1)
  2 goblins (D:1)
  2 hobgoblins (D:1)
  2 jackals (D:1)
  A bat (D:1)
  A frilled lizard (D:1)
10 creatures vanquished.

Notes
Turn   | Place    | Note
-------+----------+-------------------------------------------
     0 | D:1      | Gorglomux the Minotaur Necromancer began the quest for the Orb.
     0 | D:1      | Reached XP level 1. HP: 14/14 MP: 1/1
   108 | D:1      | Reached skill level 1 in Unarmed Combat
   302 | D:1      | Reached XP level 2. HP: 20/20 MP: 0/3
   428 | D:1      | HP: 1/20 [bat (1)]
   428 | D:1      | Slain by a bat

Vault maps used:
D:1:      enne_arrival_octagon_isle, minmay_misc_feat_ornament,
          roderic_lattice_a, roderic_roman_lattice

Skill      XL: |  1  2 |
---------------+-------+-----
Unarmed Combat | 1 2 |  2.2
Dodging        | |  2.1
Stealth        | |  1.5
Spellcasting   | |  1.3
Necromancy     | |  2.9

Action                   || total
-------------------------++-------
Melee: Unarmed           ||    26
       Headbutt          ||     3
 Cast: Pain              ||     9
Armor: Robe              ||     7
Dodge: Dodged            ||    31

Table legend:
 A = Spawn XP
 B = Non-spawn XP
 C = Spawn XP percentage of total XP
 D = Spawn monster count
 E = Non-spawn monster count
 F = Spawn count percentage of total count
 G = Total turns spent on level
                    A         B        C        D         E        F      G
               +---------+---------+-------+---------+---------+-------+---------
         Total |       0 |      20 |   0.0 |       0 |      10 |   0.0 |   428
               +---------+---------+-------+---------+---------+-------+---------
           D:1 |       0 |      20 |   0.0 |       0 |      10 |   0.0 |   428
               +---------+---------+-------+---------+---------+-------+---------
